 Dungeon Crawl Stone Soup version 0.25.0-26-g0c896c7 (webtiles) character file.

Game seed: 13228270933271289171

5200 karrin07 the Cleaver (level 10, -2/94 (95) HPs)
             Began as a Minotaur Berserker on July 1, 2020.
             Was an Elder of Trog.
             Slain by a yak (11 damage)
             ... on level 8 of the Dungeon.
             The game lasted 00:10:36 (8724 turns).

karrin07 the Cleaver (Minotaur Berserker)           Turns: 8724, Time: 00:10:37

HP:   -2/94 (95)    AC:  9    Str: 22    XL:     10   Next: 34%
MP:   9/9           EV:  8    Int:  7    God:    Trog [****..]
Gold: 339           SH:  0    Dex: 10    Spells: 9/9 levels left

rFire    . . .     SeeInvis .   a - +0 hand axe
rCold    . . .     Gourm    .   (no shield)
rNeg     . . .     Faith    .   r - +0 chain mail
rPois    .         Spirit   .   (helmet restricted)
rElec    .         Reflect  .   y - +0 cloak
rCorr    .         Harm     .   (no gloves)
MR       .....                  (no boots)
Stlth    ..........             (no amulet)
HPRegen  0.25/turn              (no ring)
MPRegen  0.11/turn              (no ring)

@: berserk cooldown, starving, slowed, studying Maces & Flails, very slow
A: retaliatory headbutt, horns 2
a: Berserk, Trog's Hand, Brothers in Arms, Renounce Religion


You were on level 8 of the Dungeon.
You worshipped Trog.
Trog was greatly pleased with you.
You were starving.

You visited 1 branch of the dungeon, and saw 8 of its levels.

You collected 339 gold pieces.

Inventory:

Hand Weapons
 a - a +0 hand axe (weapon)
Missiles
 q - 22 poisoned darts (quivered)
Armour
 r - a +0 chain mail (worn)
 y - a +0 cloak (worn)
Jewellery
 f - an uncursed amulet of reflection {unknown}
 k - an uncursed ring of ice {unknown}
 t - a +4 ring of evasion {unknown}
 u - a +6 ring of strength {unknown}
Wands
 p - a wand of iceblast (8)
Scrolls
 d - 2 scrolls of enchant weapon {unknown}
 e - 2 scrolls of blinking {unknown}
 i - a scroll of immolation {unknown}
 j - 2 scrolls of fear {unknown}
 l - 9 scrolls of identify {unknown}
 m - 4 scrolls of magic mapping {unknown}
 s - 2 scrolls of amnesia {unknown}
 w - a scroll of enchant armour {unknown}
 x - a scroll of remove curse {unknown}
 A - a scroll of brand weapon {unknown}
 E - 2 scrolls of teleportation {unknown}
 F - a scroll of fog {unknown}
Potions
 b - a potion of lignification {unknown}
 g - 3 potions of heal wounds
 h - 2 potions of brilliance {unknown}
 n - 2 potions of curing {unknown}
 o - 3 potions of magic {unknown}
 z - a potion of mutation {unknown}
 C - a potion of degeneration {unknown}
 D - a potion of haste {unknown}
Books
 v - a manual of Maces & Flails
Comestibles
 c - 14 rations
 B - a chunk of flesh


   Skills:
 + Level 11.0 Fighting
 + Level 14.7 Axes
 - Level 2.4 Armour
 - Level 2.1 Dodging


You had 9 spell levels left.
You didn't know any spells.
Your spell library contained the following spells:

 Spells                   Type           Power        Failure   Level  Hunger
 Animate Skeleton         Necr           N/A          99%         1    ##.....
 Apportation              Tloc           #.....       99%         1    ##.....
 Corona                   Hex            #......      99%         1    ##.....
 Shock                    Conj/Air       #...         99%         1    ##.....
 Summon Small Mammal      Summ           #...         99%         1    ##.....
 Swiftness                Chrm/Air       #.......     99%         2    ###....
 Static Discharge         Conj/Air       #.......     100%        3    ####...
 Airstrike                Air            #.........   100%        4    #####..
 Lightning Bolt           Conj/Air       #.........   100%        5    ######.


Dungeon Overview and Level Annotations

Branches:
Dungeon (8/15)             Temple (0/1) D:6
   Lair: D:8-11

Altars:
Ashenzari
Cheibriados
Elyvilon
Gozag
Hepliaklqana
Makhleb
Nemelex Xobeh
Qazlal
Yredelemnul
The Shining One

Annotations:
D:4 1 exclusion


Innate Abilities, Weirdness & Mutations

You reflexively headbutt those who attack you in melee.
You have a pair of horns on your head.


Message History

You feel yourself slow down. The porcupine barely misses you.
You are struck by the porcupine's spines.
* * * LOW HITPOINT WARNING * * *
Your chain mail prevents you from hitting the porcupine.
The porcupine is severely wounded.
The porcupine bites you but does no damage.
You slash the porcupine!
You kill the porcupine!
Trog accepts your kill.
Your Fighting skill increases to level 11!
You hit the yak.
The yak is lightly wounded.
The yak barely misses you.
You slash the yak! You headbutt the yak!
The yak is severely wounded.
You are starving!
You hit the yak. Your headbutt misses the yak.
The yak is severely wounded.
The yak gores you!
You die...

#.# #.#
.......#.#
#.#
.......#.#
#.#
.......#.#
#.# #
.......#.#
#.# #..
.......#.#
#.# ..♣.
.......#.#
#.# ...P.
.......#.#
#.####......
.........#
#..@Y†......
.......###
#####†...♣..
.........#
.......
....÷..#>#
....P.P
.........#
P..P...
.......###
.......
##.#.....#
#♣....P
#.#.###.#
..♣.P #.#..
.#


You could see a yak.

Vanquished Creatures
  The ghost of krigyl the Martial Artist, a novice GnTm (D:6)
  Prince Ribbit (D:6)
  A hippogriff (D:4)
  Grinder (D:5)
  Sigmund (D:6)
  4 yaks (D:8)
  A hungry ghost (D:8)
  2 basilisks (D:8)
  3 porcupines (D:8)
  Duvessa (D:6)
  A black bear (D:6)
  A necrophage (D:6)
  A sky beast (D:6)
  4 phantoms
  6 ogres
  2 centaurs
  A crocodile (D:8)
  3 bullfrogs
  A scorpion (D:5)
  Dowan (D:6)
  3 wights (D:6)
  3 howler monkeys
  3 crimson imps
  A bullfrog zombie (D:8)
  2 centaur zombies
  A hound (D:6)
  A quasit (D:6)
  4 worker ants
  Natasha (twice) (D:3)
  Terence (D:2)
  An iguana (D:5)
  A hound skeleton (D:7)
  5 adders
  3 gnolls (D:5)
  3 shadow imps
  2 oozes
  2 adder zombies
  An adder skeleton (D:6)
  4 worms
  2 dart slugs
  6 leopard geckos
  3 orcs
  2 bats
  5 giant cockroaches
  9 goblins
  8 hobgoblins
  7 jackals
  5 quokkas
  2 ball pythons
  4 frilled lizards
  A jackal skeleton (D:4)
  6 kobolds
  A leopard gecko skeleton (D:5)
  6 rats
  A spectral orc (D:3)
148 creatures vanquished.

Vanquished Creatures (others)
  A plant (D:8)
1 creature vanquished.

Grand Total: 149 creatures vanquished

Notes
Turn   | Place    | Note
-------+----------+-------------------------------------------
     0 | D:1      | karrin07 the Minotaur Berserker began the quest for the
                  | Orb.
     0 | D:1      | Reached XP level 1. HP: 19/19 MP: 0/0
   268 | D:1      | Reached skill level 4 in Axes
   268 | D:1      | Reached XP level 2. HP: 20/27 MP: 1/1
   652 | D:1      | Reached ** piety under Trog
   989 | D:2      | Reached XP level 3. HP: 34/34 MP: 2/2
  1038 | D:2      | Noticed Terence
  1044 | D:2      | Killed Terence
  1183 | D:2      | Found a faded altar of an unknown god.
  1347 | D:2      | Reached skill level 5 in Axes
  1445 | D:2      | Reached XP level 4. HP: 41/41 MP: 3/3
  1657 | D:2      | Found a white marble altar of Elyvilon.
  2076 | D:3      | Reached skill level 5 in Fighting
  2239 | D:3      | Noticed Natasha
  2249 | D:3      | Killed Natasha
  2567 | D:3      | Reached XP level 5. HP: 47/48 MP: 4/4
  2738 | D:3      | Noticed Natasha
  2753 | D:3      | Killed Natasha
  2753 | D:3      | Reached skill level 6 in Axes
  3089 | D:3      | Found a basalt altar of Yredelemnul.
  3221 | D:4      | Noticed an ogre
  3225 | D:4      | Killed an ogre
  3439 | D:4      | Noticed a hippogriff
  3439 | D:4      | Noticed an ogre
  3445 | D:4      | Killed a hippogriff
  3445 | D:4      | Reached skill level 7 in Axes
  3445 | D:4      | Reached XP level 6. HP: 57/57 MP: 5/5
  3447 | D:4      | Reached skill level 8 in Axes
  3447 | D:4      | Reached XP level 7. HP: 63/63 MP: 6/6
  3449 | D:4      | Reached *** piety under Trog
  4177 | D:4      | Found a hazy altar of Hepliaklqana.
  4228 | D:4      | Reached skill level 9 in Axes
  4779 | D:5      | Entered Level 5 of the Dungeon
  5170 | D:5      | Noticed Grinder
  5185 | D:5      | Killed Grinder
  5185 | D:5      | Reached skill level 10 in Axes
  5185 | D:5      | Reached XP level 8. HP: 57/73 MP: 7/7
  5897 | D:5      | Found a stormy altar of Qazlal.
  5959 | D:6      | Found a sparkling altar of Nemelex Xobeh.
  6196 | D:6      | Noticed Sigmund
  6205 | D:6      | Killed Sigmund
  6205 | D:6      | Reached skill level 11 in Axes
  6259 | D:6      | Noticed Dowan
  6260 | D:6      | Noticed Duvessa
  6264 | D:6      | Killed Dowan
  6274 | D:6      | Killed Duvessa
  6332 | D:6      | Found a staircase to the Ecumenical Temple.
  6630 | D:6      | Reached XP level 9. HP: 82/82 MP: 8/8
  6633 | D:6      | Reached skill level 12 in Axes
  6771 | D:6      | Noticed Prince Ribbit
  6776 | D:6      | Killed Prince Ribbit
  6894 | D:6      | Found a snail-covered altar of Cheibriados.
  7180 | D:6      | Found a runed translucent gate.
  7180 | D:6      | Found a runed translucent gate.
  7180 | D:6      | Found a runed translucent gate.
  7181 | D:6      | Noticed krigyl's ghost (novice GnTm)
  7195 | D:6      | Killed krigyl's ghost
  7195 | D:6      | Reached skill level 13 in Axes
  7386 | D:7      | Reached skill level 10 in Fighting
  7698 | D:7      | Reached **** piety under Trog
  7917 | D:7      | Found an opulent altar of Gozag.
  7920 | D:7      | Found a glowing golden altar of the Shining One.
  7922 | D:7      | Found a burning altar of Makhleb.
  8316 | D:8      | Found a shattered altar of Ashenzari.
  8555 | D:8      | Reached skill level 14 in Axes
  8678 | D:8      | Reached XP level 10. HP: 93/93 MP: 9/9
  8724 | D:8      | Slain by a yak

Illustrated notes

Levels and vault maps discovered:
D:1:      matt_arrival_diagonals, layout_basic, minmay_fountain_box
D:2:      layout_basic, lemuel_crystal_altar, chequers_ecumenical_altar_simple,
          uniq_terence
D:3:      layout_loops_corners, yredelemnul_forgotten_temple_becter,
          uniq_natasha
D:4:      layout_layer_cave, kennysheep_mini, first_ration, solitary_fountain,
          minmay_manual_maat
D:5:      layout_loops_ring, nicolae_qazlal_eye_of_the_storm, uniq_grinder
D:6:      layout_cave_pods, nemelex_xobeh_ov_fountains_minmay,
          cheibrodos_worm_habitat, minmay_temple_entry_offerings,
          ebering_ghost_rock_garden, uniq_prince_ribbit1, uniq_duvessa,
          uniq_sigmund
D:7:      layout_layer_cave, grunt_temple_overflow_open
D:8:      layout_basic, lemuel_crystal_altar, lemuel_round_altar,
          minmay_lair_entry_grove, grunt_livestock, minmay_door_square,
          lemuel_altar_in_water

Skill      XL: |  1  2  3  4  5  6  7  8  9 10 |
---------------+-------------------------------+-----
Fighting       | 4 5 6 7 8 10 11 | 11.0
Axes           | 4 5 7 8 10 11 14 | 14.7
Armour         | |  2.4
Dodging        | |  2.1

Action                   |  1- 3 |  4- 6 |  7- 9 | 10-12 || total
-------------------------+-------+-------+-------+-------++-------
Melee: Hand axe          |    52 |    82 |   380 |    43 ||   557
       Headbutt          |    12 |    17 |    61 |     6 ||    96
Invok: Berserk           |     1 |     4 |     8 |       ||    13
       Trog's Hand       |       |       |     1 |       ||     1
 Stab: Sleeping          |     1 |       |       |       ||     1
  Eat: Chunk             |     3 |     8 |    18 |       ||    29
       Ration            |       |       |     2 |       ||     2
Armor: Animal skin       |     4 |       |       |       ||     4
       Chain mail        |       |    30 |   130 |     5 ||   165
Dodge: Dodged            |    31 |    32 |   110 |     5 ||   178
